 Dungeon Crawl Stone Soup version 0.30-a0-972-gf3ab3527aa (webtiles) character file.

Game seed: 10651742037213631215

74 retardedninja the Trooper (level 4, 0/42 HPs)
             Began as a Naga Fighter on Mar 31, 2023.
             Slain by a quokka (4 damage)
             ... on level 5 of the Dungeon.
             The game lasted 00:01:54 (2115 turns).

retardedninja the Trooper (Naga Fighter)            Turns: 2115, Time: 00:01:55

Health: 0/42       AC:  5    Str: 20    XL:     4   Next: 30%
Magic:  4/4        EV:  7    Int:  8    God:
Gold:   139        SH:  4    Dex: 11    Spells: 3/3 levels left

rFire   . . .      SeeInvis +    a - +0 war axe
rCold   . . .      Faith    .    c - +0 buckler
rNeg    . . .      Spirit   .    b - +0 scale mail
rPois   +          Reflect  .    (no helmet)
rElec   .          Rampage  .    (no cloak)
rCorr   .                        (no gloves)
Will    .....                    (no barding) Stlth
                                 (no amulet)
HPRegen 0.27/turn                (no ring)
MPRegen 0.09/turn                (no ring)

@: very slow
A: AC +1, large, see invisible, deformed body, poison resistance, slowness 2,
spit poison 1, naga tail 1
a: Spit Poison


You were on level 5 of the Dungeon.
You visited 1 branch of the dungeon, and saw 4 of its levels.

You collected 139 gold pieces.

Inventory:

Hand Weapons
 a - a +0 war axe (weapon)
Armour
 b - a +0 scale mail (worn)
 c - a +0 buckler (worn)
Jewellery
 l - a ring of flight
Scrolls
 e - a scroll of vulnerability {unknown}
 i - 4 scrolls of teleportation {unknown}
 k - a scroll of fear {unknown}
 n - a scroll of amnesia {unknown}
 o - 4 scrolls of identify {unknown}
Potions
 d - a potion of might
 f - a potion of mutation {unknown}
 g - a potion of haste {unknown}
 h - 3 potions of attraction {unknown}
 j - a potion of resistance {unknown}
 m - a potion of curing {unknown}
 p - a potion of lignification {unknown}


   Skills:
 + Level 3.4 Fighting
 * Level 3.1 Axes
 + Level 2.8 Armour
 + Level 3.1 Shields


You had 3 spell levels left.
You didn't know any spells.
Your spell library contained the following spells:

 Spells                   Type           Power      Damage    Failure   Level
 Apportation              Tloc           0%         N/A       83%         1
 Frozen Ramparts          Ice            0%         1d1       99%         3
 Ice Form                 Ice/Tmut       0%         N/A       100%        4
 Summon Ice Beast         Ice/Summ       0%         N/A       100%        4
 Alistair's Intoxication  Tmut/Pois      0%         N/A       100%        5


Dungeon Overview and Level Annotations

Branches:
Dungeon (5/15)
 Temple: D:4-7

Altars:
Dithmenos


Innate Abilities, Weirdness & Mutations

Your serpentine skin is tough. (AC +1)
You have supernaturally acute eyesight. (SInv)
Armour fits poorly on your strangely shaped body.
Your system is resistant to poisons. (rPois)
You cover ground very slowly.
You can spit poison.
You have a snake-like lower body.


Message History

o - 3 scrolls labelled FOSETA OSMARUL (gained 1) Key pressed, stopping explore.
No target in view!
Found a stone staircase leading down.
No target in view!
A sourceless malevolence fills the Dungeon...
You fall into a shaft and drop 2 floors!
The shaft crumbles and collapses.
Found a scroll labelled FOSETA OSMARUL.
Found a stone staircase leading up and a stone staircase leading down.
Found two stone staircases leading up.
Found a scroll labelled XAENLU ZERASEPTIPT and 6 gold pieces.
o - 4 scrolls labelled FOSETA OSMARUL (gained 1)
Found a scroll labelled SOLEOBAGRI.
A phantom comes into view.
The phantom hits you but does no damage.
You see here 6 gold pieces.
You hit the phantom but do no damage. The phantom hits you.
The phantom blinks!
You blink.
An iguana comes into view.
Found a fizzy black potion.
The iguana hisses angrily.
You block the phantom's attack. The phantom hits you.
The phantom attacks as you move away! The phantom hits you.
The phantom hits you.
The phantom blinks!
You blink.
The phantom hits you.
The phantom blinks!
You blink.
The phantom attacks as you move away! The phantom hits you.
Found 13 gold pieces.
The iguana bites you.
* * * LOW HITPOINT WARNING * * *
The phantom hits you.
* * * LOW HITPOINT WARNING * * *
The phantom blinks!
You blink.
An orc warrior, an orc and a quokka come into view.
You block the phantom's attack. The quokka bites you.
* * * LOW HITPOINT WARNING * * *
The phantom barely misses you.
The quokka bites you but does no damage.
You block the quokka's attack. The quokka attacks as you move away!
The quokka bites you.
You die...

...# .... ...##..#
#.##........... .......#
...............
#...##.##...............
...................#.#..
#....##.#?..............
#.##..<.................
..##..#.<..........#....
..##..........l.@.......
.....$..####....Wr......
.......§...........#....
....###.§..........# ...
................o.## #
.........?...^.#..#
....#..........##.#
......!######..# .#
.......# #...#..


You could see a phantom, an iguana, an orc and a quokka.

Vanquished Creatures
  3 adders
  An orc (D:3)
  2 endoplasms
  2 giant cockroaches
  5 goblins
  3 hobgoblins
  6 quokkas
  7 ball pythons
  5 bats
  2 frilled lizards (D:1)
  4 kobolds
  4 rats
44 creatures vanquished.

Notes
Turn   | Place    | Note
-------+----------+-------------------------------------------
     0 | D:1      | retardedninja the Naga Fighter began the quest for the Orb.
     0 | D:1      | Reached XP level 1. HP: 21/21 MP: 1/1
   264 | D:1      | Reached XP level 2. HP: 26/28 MP: 2/2
  1082 | D:2      | Reached XP level 3. HP: 33/34 MP: 3/3
  1881 | D:3      | Reached XP level 4. HP: 41/42 MP: 4/4
  1995 | D:3      | Found a faded altar of an unknown god.
  2031 | D:3      | Found a shadowy altar of Dithmenos.
  2094 | D:3      | You fall into a shaft and drop 2 floors!
  2094 | D:5      | Entered Level 5 of the Dungeon
  2103 | D:5      | Noticed a phantom
  2112 | D:5      | Noticed an orc warrior
  2115 | D:5      | Slain by a quokka

Illustrated notes

Levels and vault maps discovered:
D:1:      dpeg_arrival_renting, layout_loops_corners
D:2:      layout_loops_cross, chequers_serial_rivers_marsh, minmay_liquid_box,
          serial_bayou_pond_e
D:3:      layout_basic, general_overflow_altar,
          grunt_dithmenos_smoke_and_mirrors, bloody_trog, ebering_ghost_sewer_f,
          nicolae_ecumenical_oubliette
D:5:      layout_rooms, nicolae_elemental_shop, nicolae_shop_gadgets,
          uniq_grinder

Skill      XL: |  1  2  3 |
---------------+----------+-----
Shields        | 3 |  3.1
Axes           | 3 |  3.1
Fighting       | |  3.4
Armour         | |  2.8

Action                     |  1- 3 |  4- 6 || total
---------------------------+-------+-------++-------
  Melee: War axe           |    93 |    30 ||   123
 Armour: Scale mail        |    52 |    19 ||    71
  Dodge: Dodged            |    38 |    11 ||    49
  Block: Buckler           |    16 |    10 ||    26

Table legend: (Time is in decaauts)
 A = Elapsed time spent in this place.
 B = Non-inter-level travel time spent in this place.
 C = Inter-level travel time spent in this place.
 D = Time resting spent in this place.
 E = Time spent auto-exploring this place.
 F = Levels seen in this place.
 G = Mean time per level.
                   A        B        C        D        E       F      G
               +--------+--------+--------+--------+--------+-----+--------+
         Total |   2817 |   2700 |    117 |    155 |   2162 |   4 |  704.2 |
       Dungeon |   2817 |   2700 |    117 |    155 |   2162 |   4 |  704.2 |
               +--------+--------+--------+--------+--------+-----+--------+

Top non-repeatable levels by time:
     D:1: 1397 daAuts
     D:2: 893 daAuts
     D:3: 497 daAuts
     D:5: 28 daAuts
